[Event "Early-Titled-Tuesday-Blitz-October-10-2023"]
[Site "Chess.com"]
[Date "2023.10.10"]
[Round "2"]
[White "boasovietica"]
[Black "ActorXu"]
[Result "0-1"]
[WhiteElo "2524"]
[BlackElo "2734"]
[TimeControl "180+1"]
[EndTime "8:17:31 PDT"]
[Termination "ActorXu won by resignation"]

1. e4 c5 2. Nf3 Nc6 3. Nc3 e6 4. d4 cxd4 5. Nxd4 Nf6 6. Nb3 Bb4 7. Bd3 d5 8. exd5 Nxd5 9. Bd2 Nxc3 10. bxc3 Be7 11.
O-O O-O 12. Rb1 e5 13. f4 Be6 14. Qe2 exf4 15. Bxf4 Re8 16. Kh1 Bf6 17. Qd2 Ne5 18. Nd4 Bxa2 19. Rxb7 Bd5 20. Bxe5 Bxe5 21. Rb5 Qh4 22. Nf3 Bxf3 23. gxf3 a5 24. f4 Bf6 25.
Qg2 Bxc3 26. Be4 Rad8 27. Rb3 Rd2 28. Qg3 Qxg3 29. hxg3 g6 30. Bd3 Bf6 31. Rb7 Re3 32. Bc4 Rxg3 33. Bxf7+ Kh8 34. Be6 Rgg2 35. Re1 Rh2+ 0-1

[Event "Early-Titled-Tuesday-Blitz-October-10-2023"]
[Site "Chess.com"]
[Date "2023.10.10"]
[Round "2"]
[White "KorolDimitriy75"]
[Black "Andrej2004"]
[Result "1-0"]
[WhiteElo "2384"]
[BlackElo "2610"]
[TimeControl "180+1"]
[EndTime "8:17:31 PDT"]
[Termination "KorolDimitriy75 won by checkmate"]

1. d4 b6 2. c4 Bb7 3. Nc3 g6 4. e4 Bg7 5. Be3 d6 6. Qd2 Nf6 7. f3 Nbd7 8. O-O-O e5 9. Nge2 exd4 10. Nxd4 Ne5 11.
Be2 Qd7 12. Kb1 O-O-O 13. Nd5 Nxd5 14. cxd5 f5 15. Rc1 Kb8 16. Rc3 fxe4 17. fxe4 Ng4 18.
Bb5 Qe7 19. Qd3 Nxe3 20. Nc6+ Bxc6 21. Bxc6 Nxd5 22. exd5 Rdf8 23. Qa6 Qe4+ 24. Ka1 Rf1+ 25. Rxf1 Qb1+ 26. Rxb1 Bxc3 27. Qb7# 1-0

[Event "Early-Titled-Tuesday-Blitz-October-10-2023"]
[Site "Chess.com"]
[Date "2023.10.10"]
[Round "2"]
[White "motivated_bishop"]
[Black "cristiano78"]
[Result "0-1"]
[WhiteElo "2477"]
[BlackElo "2256"]
[TimeControl "180+1"]
[EndTime "8:17:31 PDT"]
[Termination "cristiano78 won by checkmate"]

1. d4 Nf6 2. c4 g6 3. Nc3 Bg7 4.
e4 d6 5. f3 O-O 6. Be3 Nc6 7.
Nge2 a6 8. Qd2 Rb8 9. Rc1 Bd7 10.
g3 b5 11. cxb5 axb5 12. b3 b4 13. Na4 Na5 14. Bg2 Bxa4 15. bxa4 Qd7 16. O-O Rfc8 17. Qc2 c5 18. dxc5 dxc5 19. Rfd1 Qe8 20. e5 Nd7 21. f4 Nb6 22. e6 f5 23. g4 fxg4 24.
f5 Nxa4 25. fxg6 hxg6 26. Be4 Nc3 27. Nxc3 bxc3 28. Bxg6 Qc6 29. Qf5 Qf3 30. Qg5 Rb2 31. Bd2 cxd2 32. Rxd2 Bd4+ 33. Rxd4 Qg2# 0-1

[Event "Early-Titled-Tuesday-Blitz-October-10-2023"]
[Site "Chess.com"]
[Date "2023.10.10"]
[Round "2"]
[White "Ariadna_Atreides"]
[Black "kreonx"]
[Result "1-0"]
[WhiteElo "2209"]
[BlackElo "2445"]
[TimeControl "180+1"]
[EndTime "8:17:32 PDT"]
[Termination "Ariadna_Atreides won on time"]

1. d4 Nf6 2. Nf3 e6 3. e3 c5 4.
Bd3 Nc6 5. O-O cxd4 6. exd4 d5 7. c3 Be7 8. Re1 O-O 9. Bf4 a6 10. Ne5 Nxe5 11. dxe5 Nd7 12. Re3 Bg5 13. Qh5 h6 14. Bxg5 Qxg5 15. Qe2 f6 16. exf6 Rxf6 17. Nd2 e5 18.
Nf3 Rxf3 19. Rxf3 e4 20. Rg3 Qf6 21. Bc2 Ne5 22. Rd1 Be6 23. b3 Rd8 24. c4 dxc4 25. Rxd8+ Qxd8 26. Qxe4 Qd5 27. Re3 cxb3 28. Bxb3 1-0

[Event "Early-Titled-Tuesday-Blitz-October-10-2023"]
[Site "Chess.com"]
[Date "2023.10.10"]
[Round "2"]
[White "nihalsarin"]
[Black "Javylavilla"]
[Result "1-0"]
[WhiteElo "3127"]
[BlackElo "2410"]
[TimeControl "180+1"]
[EndTime "8:17:33 PDT"]
[Termination "nihalsarin won by resignation"]

1. e4 c5 2. d4 cxd4 3. c3 Nf6 4. e5 Nd5 5. Qxd4 e6 6. Nf3 Nc6 7. Qe4 d6 8. exd6 Bxd6 9. Nbd2 O-O 10.
Bd3 f5 11. Qe2 Nf4 12. Qf1 Nxd3+ 13. Qxd3 e5 14. Qd5+ Kh8 15. Nc4 Bc7 16. Qxd8 Rxd8 17.
Bg5 Re8 18. O-O Be6 19. Na3 a6 20. Rfe1 h6 21. Be3 Rad8 22. h3 Bd5 23. Rad1 Bxa2 24. Bc1 Bb3 25. Rxd8 Rxd8 26. Nh4 Be6 27. g3 g5 28. Ng2 Kg7 29. h4 g4 30. Nc2 Na5 31. Bf4 exf4 32. Rxe6 Rd1+ 33. Nge1 Nc6 34. gxf4 Bxf4 35. Kf1 Ne5 36. Re7+ Kf6 37. Rxb7 Nf3 38. Rb6+ Kg7 39. Rb7+ Kg6 40. Rb6+ Kh5 41. Rf6 Nxh4 42. Rxa6 Kg5 43. Nd4 Bd2 44. Ke2 Rxe1+ 45. Kxd2 Re4 46. b4 Ng6 47. b5 h5 48. b6 h4 49. b7 Re8 50. Ra8 1-0

[Event "Early-Titled-Tuesday-Blitz-October-10-2023"]
[Site "Chess.com"]
[Date "2023.10.10"]
[Round "2"]
[White "Sunny_Star"]
[Black "Krlence"]
[Result "1/2-1/2"]
[WhiteElo "2088"]
[BlackElo "2426"]
[TimeControl "180+1"]
[EndTime "8:17:33 PDT"]
[Termination "Game drawn by repetition"]

1. f4 d6 2. Nf3 Nc6 3. e4 e5 4. d3 exf4 5. Bxf4 Nf6 6. Nc3 Be7 7. Be2 O-O 8. O-O Bg4 9. d4 d5 10. e5 Ne4 11. h3 Bh5 12. g4 Bg6 13. Nh2 Bg5 14.
Nxe4 Bxe4 15. c3 Bxf4 16. Rxf4 Qh4 17. Qe1 Qxh3 18. Qf2 Qh6 19. Rf1 Qg6 20. Nf3 Bxf3 21. Qxf3 Ne7 22. Bd3 Qe6 23. Bf5 Nxf5 24. gxf5 Qh6 25.
Rf2 g6 26. Rh2 Qg5+ 27. Rg4 Qc1+ 28. Kg2 Qxb2+ 29. Kg3 Qb1 30. Rgh4 Qc1 31. Rxh7 Qg5+ 32. Kf2 Qd2+ 33. Kg3 Qg5+ 34. Kf2 Qd2+ 35. Kg3 Qg5+ 1/2-1/2

[Event "Early-Titled-Tuesday-Blitz-October-10-2023"]
[Site "Chess.com"]
[Date "2023.10.10"]
[Round "2"]
[White "stratacticos"]
[Black "Levanzovsky"]
[Result "0-1"]
[WhiteElo "1786"]
[BlackElo "2411"]
[TimeControl "180+1"]
[EndTime "8:17:33 PDT"]
[Termination "Levanzovsky won on time"]

1. e4 e5 2. Nf3 Nc6 3. Bc4 Bc5 4.
O-O Nf6 5. d3 d6 6. c3 a6 7. b4 Ba7 8. h3 h6 9. Qe2 g5 10. Be3 g4 11. hxg4 Bxg4 12. Bxa7 Rxa7 13. Qe3 Nh5 14. b5 axb5 15. Bxb5 Ra8 16. d4 Qf6 17. Nbd2 Rg8 18. d5 Nf4 19. dxc6 Ke7 20. cxb7 Rab8 21. Nxe5 Qxe5 22. a4 Nxg2 23. Nc4 Qh5 24.
Qg3 Bf3 25. e5 Nf4 26. exd6+ cxd6 27. Rfe1+ Ne6 0-1

[Event "Early-Titled-Tuesday-Blitz-October-10-2023"]
[Site "Chess.com"]
[Date "2023.10.10"]
[Round "2"]
[White "gueraumasague"]
[Black "Virgo15"]
[Result "0-1"]
[WhiteElo "2525"]
[BlackElo "2742"]
[TimeControl "180+1"]
[EndTime "8:17:34 PDT"]
[Termination "Virgo15 won by checkmate"]

1. e4 e6 2. d4 d5 3. Bd3 c5 4. dxc5 Bxc5 5. exd5 exd5 6. Nf3 Nf6 7. O-O O-O 8. Bg5 h6 9. Bh4 g5 10. Bg3 Ne4 11. Nc3 f5 12. Bxb8 Rxb8 13. Be2 Be6 14.
Nd4 Nxc3 15. bxc3 Bd7 16. Re1 Qf6 17. Bf3 Bc6 18. Ne6 Bb6 19. Nxf8 Rxf8 20. Bxd5+ Kg7 21. Re6 Qxc3 22. Bxc6 bxc6 23. Rb1 Qc5 24. Qh5 Rf6 25. Rxf6 Kxf6 26. Qxh6+ Kf7 27. Qxg5 Qxf2+ 28. Kh1 f4 29. h3 Qd2 30. Rf1 Be3 31. Qf5+ Ke7 32. Rb1 Kd6 33.
Kh2 Qf2 34. Qg6+ Kc5 35. Rb3 Qg1# 0-1

[Event "Early-Titled-Tuesday-Blitz-October-10-2023"]
[Site "Chess.com"]
[Date "2023.10.10"]
[Round "2"]
[White "Zhani-Z"]
[Black "kuzol"]
[Result "1-0"]
[WhiteElo "2202"]
[BlackElo "2430"]
[TimeControl "180+1"]
[EndTime "8:17:34 PDT"]
[Termination "Zhani-Z won by resignation"]

1. e4 e6 2. d4 d5 3. e5 c5 4. c3 Nc6 5. Nf3 Bd7 6. Bd3 Qb6 7.
O-O cxd4 8. Re1 Rc8 9. Nbd2 dxc3 10. bxc3 Na5 11. Rb1 Qc7 12. c4 dxc4 13. Bc2 b5 14.
Ng5 Nh6 15. Nxh7 Bc5 16. Ne4 Nf5 17. Nhf6+ gxf6 18. Nxf6+ Kd8 19. Bxf5 exf5 20. Bg5 Be7 21. Nd5 Bxg5 22. Nxc7 Rxc7 23. e6 fxe6 24. Rxe6 Kc8 25. Ra6 c3 26. Qc2 Bc6 27. Qxc3 Rg8 28. Qxa5 Bd8 29. Rxc6 Rxc6 30. Qxb5 Rb6 31. Qc4+ Kb8 32. Rxb6+ 1-0

[Event "Early-Titled-Tuesday-Blitz-October-10-2023"]
[Site "Chess.com"]
[Date "2023.10.10"]
[Round "2"]
[White "vladoboch"]
[Black "bennyficial"]
[Result "1-0"]
[WhiteElo "2453"]
[BlackElo "2135"]
[TimeControl "180+1"]
[EndTime "8:17:35 PDT"]
[Termination "vladoboch won on time"]

1. e4 c5 2. Nf3 g6 3. d4 cxd4 4. Nxd4 Nf6 5. e5 Qa5+ 6. Nc3 Qxe5+ 7. Be2 Nc6 8. Be3 Bg7 9. Qd2 Ne4 10. Nxe4 Qxe4 11.
Bf3 Qe5 12. c3 Nxd4 13. cxd4 Qb5 14. Be2 Qb6 15. O-O O-O 16. Rac1 d5 17. Rc5 Rd8 18. Bf4 Qf6 19. Be5 Qf5 20. Bc7 Rf8 21.
h3 Qd7 22. Bf4 b6 23. Rc7 Qa4 24. b4 Ba6 25. Bxa6 Qxa6 26. Rxe7 Qc4 27. Be5 Rfe8 28.
Rc7 Qb5 29. Qf4 Rf8 30. Bd6 Qd3 31. Bxf8 Rxf8 32. Re1 Bxd4 33. Ree7 Qd1+ 34. Kh2 Qa1 35. g3 Bf6 36. Re2 Kg7 37. h4 h5 38. Rc1 1-0

[Event "Early-Titled-Tuesday-Blitz-October-10-2023"]
[Site "Chess.com"]
[Date "2023.10.10"]
[Round "2"]
[White "MKlose11"]
[Black "JimDiGrease"]
[Result "0-1"]
[WhiteElo "2605"]
[BlackElo "2929"]
[TimeControl "180+1"]
[EndTime "8:17:38 PDT"]
[Termination "JimDiGrease won by resignation"]

1. e4 c5 2. Nc3 e6 3. g3 d5 4. Bg2 Nf6 5. exd5 exd5 6. Nge2 Nc6 7. O-O Be7 8. d4 cxd4 9. Nxd4 O-O 10. Bg5 h6 11. Bf4 Bg4 12. Qd2 Qb6 13. Nb3 d4 14. Ne4 Rad8 15. Nxf6+ Bxf6 16. Be4 g5 17. Qc1 Bh3 18.
Bd2 Bxf1 19. Qxf1 Bg7 20. Qh3 Qb5 21. Bd3 Qd5 22. Qh5 Ne5 23. h4 Nf3+ 24. Kf1 Nxd2+ 25.
Nxd2 Qh1+ 26. Ke2 Rde8+ 27. Ne4 Rxe4+ 28. Bxe4 Qxe4+ 29. Kd2 Qf5 30. hxg5 Qxf2+ 31. Kd3 Qf5+ 32. Kd2 Rc8 0-1

[Event "Early-Titled-Tuesday-Blitz-October-10-2023"]
[Site "Chess.com"]
[Date "2023.10.10"]
[Round "2"]
[White "Bilan_Danila"]
[Black "MatthewG-p4p"]
[Result "0-1"]
[WhiteElo "2573"]
[BlackElo "2833"]
[TimeControl "180+1"]
[EndTime "8:17:38 PDT"]
[Termination "MatthewG-p4p won on time"]

1. d4 Nf6 2. Nf3 c5 3. e3 g6 4.
Bd3 Bg7 5. O-O cxd4 6. exd4 O-O 7. c3 d6 8. Bg5 Nc6 9. Re1 h6 10. Bh4 Re8 11. Nbd2 Nh5 12. a4 Qc7 13. Bc4 e5 14. dxe5 Nxe5 15. Nxe5 dxe5 16. Qb3 Be6 17. Bxe6 Rxe6 18.
Rad1 Rae8 19. f3 Nf4 20. Ne4 Kh7 21. Bf2 f5 22. Nc5 Rb6 23. Qc2 Rc6 24. Rd7 Qc8 25. Red1 Rxc5 26. Bxc5 Qxc5+ 27. Kh1 e4 28. g3 Nd3 29.
Rf1 Qc6 30. Rd4 Bxd4 0-1

[Event "Early-Titled-Tuesday-Blitz-October-10-2023"]
[Site "Chess.com"]
[Date "2023.10.10"]
[Round "2"]
[White "Karttunen"]
[Black "soumeow"]
[Result "1-0"]
[WhiteElo "2656"]
[BlackElo "2308"]
[TimeControl "180+1"]
[EndTime "8:17:38 PDT"]
[Termination "Karttunen won by resignation"]

1. e4 c5 2. Nf3 Nc6 3. Bb5 g6 4. Bxc6 dxc6 5. d3 Bg7 6. h3 Nf6 7. Be3 Nd7 8. Nc3 e5 9. Qd2 h6 10. Nh2 b6 11. f4 exf4 12. Bxf4 Nf8 13. O-O Ne6 14. Be3 Nd4 15. Kh1 Be6 16. a3 Qe7 17.
Rab1 O-O-O 18. b4 c4 19. a4 g5 20. b5 c5 21. a5 Kb7 22. Qf2 Rhe8 23. dxc4 Bxc4 24.
Rfe1 Qc7 25. Ng4 Re6 26. Nd5 Bxd5 27. exd5 Rxd5 28. c3 Nf5 29. Qf3 Re4 30. Bf2 Rxe1+ 31. Rxe1 Qd6 32. c4 1-0

[Event "Early-Titled-Tuesday-Blitz-October-10-2023"]
[Site "Chess.com"]
[Date "2023.10.10"]
[Round "2"]
[White "matagordo"]
[Black "Barmen_EV"]
[Result "0-1"]
[WhiteElo "2216"]
[BlackElo "2479"]
[TimeControl "180+1"]
[EndTime "8:17:38 PDT"]
[Termination "Barmen_EV won on time"]

1. d4 Nf6 2. Bf4 g6 3. Nc3 Bg7 4. e4 d6 5. Qd2 O-O 6. O-O-O Nc6 7. f3 a6 8. Bh6 e5 9. d5 Nb8 10. h4 Nh5 11. Bxg7 Kxg7 12. Nge2 Nd7 13. g4 Nf4 14.
Nxf4 exf4 15. Qxf4 Ne5 16. h5 g5 17. h6+ Kg8 18. Qe3 Qf6 19. Rh5 Nxf3 20. Be2 Bxg4 21.
Bxf3 Bxh5 22. Bxh5 Qxh6 23. Rg1 f6 24. Bg4 Rae8 25.
Ne2 f5 26. Bf3 Rf6 27. Rxg5+ Rg6 28. Rxg6+ Qxg6 29. Nf4 Qg5 30. Bh5 Rxe4 31. Qa7 Qxf4+ 32. Kd1 Qf1+ 33. Kd2 Qe1+ 34. Kd3 Qf1+ 0-1

[Event "Early-Titled-Tuesday-Blitz-October-10-2023"]
[Site "Chess.com"]
[Date "2023.10.10"]
[Round "2"]
[White "AnaKuchava"]
[Black "savitha1030"]
[Result "1/2-1/2"]
[WhiteElo "2247"]
[BlackElo "2479"]
[TimeControl "180+1"]
[EndTime "8:17:39 PDT"]
[Termination "Game drawn by repetition"]

1. d4 Nf6 2. Nf3 c5 3. d5 g6 4. c4 Bg7 5. Nc3 O-O 6. e4 d6 7. Bd3 e6 8. O-O exd5 9. cxd5 Nbd7 10. Bf4 Ne8 11. a4 Ne5 12. Nxe5 dxe5 13. Be3 Nd6 14.
Bxc5 f5 15. Nb5 Rf6 16. Bxd6 Rxd6 17. Nxd6 Qxd6 18. Rc1 Bd7 19. Qb3 Rf8 20. Qxb7 fxe4 21.
Bxe4 Rf7 22. Qxa7 Bf8 23. a5 Bb5 24. Qb6 Qb4 25. Bd3 Bxd3 26. Qxb4 Bxb4 27. Ra1 Bxf1 28. Kxf1 Ra7 29. a6 Kf7 30. Ra4 Bc5 31. b4 Bb6 32.
Ke2 Ke7 33. Kd3 Kd6 34. Kc4 Bxf2 35. Ra2 Bd4 36. b5 Rc7+ 37. Kb4 Kxd5 38. Ka5 e4 39. b6 Rc5+ 40. Kb4 Rc4+ 41. Kb5 Rc5+ 42. Kb4 Rc4+ 43. Kb5 Rc5+ 44. Kb4 1/2-1/2

[Event "Early-Titled-Tuesday-Blitz-October-10-2023"]
[Site "Chess.com"]
[Date "2023.10.10"]
[Round "2"]
[White "j2806"]
[Black "Kielinkei"]
[Result "0-1"]
[WhiteElo "2147"]
[BlackElo "2456"]
[TimeControl "180+1"]
[EndTime "8:17:39 PDT"]
[Termination "Kielinkei won by resignation"]

1. e4 d6 2. d4 Nf6 3. Nc3 Nbd7 4. Be3 e5 5. f3 Be7 6. Qd2 O-O 7. O-O-O c6 8.
Nge2 b5 9. g4 b4 10. Nb1 a5 11.
h4 d5 12. g5 Nh5 13. exd5 cxd5 14. Bg2 exd4 15. Nxd4 Ne5 16. f4 Nc4 17. Qd3 Nxe3 18. Qxe3 Bc5 19. Qf3 g6 20. Nb3 Bb6 21. Rxd5 Qc7 22.
Re5 Ba6 23. Rhe1 Rac8 24. c3 a4 25. N3d2 a3 26. Ne4 axb2+ 27. Kxb2 bxc3+ 28. Nbxc3 Bd4 29. Rc1 Bxe5 30. fxe5 Qxe5 31. Nf6+ Nxf6 32. gxf6 Rb8+ 33. Ka1 Rfc8 34. Bh3 Rc7 35. h5 Be2 36. Qg2 Rxc3 0-1

[Event "Early-Titled-Tuesday-Blitz-October-10-2023"]
[Site "Chess.com"]
[Date "2023.10.10"]
[Round "2"]
[White "artooon"]
[Black "crazy_but_lazy"]
[Result "1-0"]
[WhiteElo "3007"]
[BlackElo "2620"]
[TimeControl "180+1"]
[EndTime "8:17:40 PDT"]
[Termination "artooon won by checkmate"]

1. e4 e5 2. Nf3 Nc6 3. Bc4 Bc5 4.
b4 Bxb4 5. c3 Be7 6. d4 Na5 7. Bd3 d6 8. O-O Nf6 9. dxe5 dxe5 10.
Nxe5 O-O 11. Qc2 c5 12. Nd2 Qc7 13. Ndc4 Nxc4 14. Nxc4 b5 15. Ne3 c4 16. Be2 Bb7 17. Bf3 Bc5 18. Nf5 Rfe8 19. Re1 Qe5 20. Be3 Bxe3 21. Rxe3 Nxe4 22. Ng3 f5 23. Rae1 g6 24.
Bxe4 fxe4 25. Ne2 Rad8 26. Nd4 a6 27. a3 Qf6 28. h3 Rf8 29. Qb2 Rd7 30. R1e2 Rfd8 31.
Qb4 Rxd4 32. cxd4 Qxd4 33. a4 Qd1+ 34. Re1 Qd6 35. Qb2 Bc6 36. axb5 axb5 37. Rb1 Qd4 38.
Qb4 Qd6 39. Qa5 Ra8 40. Qc3 Rd8 41. Ree1 Rb8 42. Red1 Qe7 43. Ra1 e3 44. fxe3 Qe4 45.
Rd2 b4 46. Qf6 c3 47. Ra7 Bb7 48. Rf2 c2 49. Qf7+ Kh8 50. Qc7 b3 51. Qxb8+ Kg7 52. Rxb7+ Kh6 53. Qf8+ Kh5 54. Rxh7+ Kg5 55. Qh6# 1-0

[Event "Early-Titled-Tuesday-Blitz-October-10-2023"]
[Site "Chess.com"]
[Date "2023.10.10"]
[Round "2"]
[White "FrenchHarvey"]
[Black "stasOR4ik"]
[Result "0-1"]
[WhiteElo "2689"]
[BlackElo "2448"]
[TimeControl "180+1"]
[EndTime "8:17:40 PDT"]
[Termination "stasOR4ik won on time"]

1. e4 c6 2. Nf3 d5 3. Nc3 dxe4 4.
Nxe4 Nf6 5. Qe2 Nxe4 6. Qxe4 Qd5 7. Qh4 Bf5 8. Bc4 Qa5 9. O-O e6 10. d3 Nd7 11. Bd2 Qc7 12. Nd4 Be7 13. Qg3 Bd6 14. Qh4 Be7 15. Bg5 Bxg5 16. Qxg5 Bg6 17. Bxe6 fxe6 18. Nxe6 Qe5 19. Qg3 Qxg3 20. fxg3 Ke7 21. Nxg7 Raf8 22. Rae1+ Kd6 23. g4 Rxf1+ 24. Rxf1 Rf8 25.
Re1 Ne5 26. h3 Rf7 27. d4 Nc4 28. b3 Na3 29. Ne8+ Kd7 30. c4 Nc2 0-1

[Event "Early-Titled-Tuesday-Blitz-October-10-2023"]
[Site "Chess.com"]
[Date "2023.10.10"]
[Round "2"]
[White "Zheenbekov86"]
[Black "FischerKasparow"]
[Result "1-0"]
[WhiteElo "2455"]
[BlackElo "2135"]
[TimeControl "180+1"]
[EndTime "8:17:40 PDT"]
[Termination "Zheenbekov86 won on time"]

1. e4 c5 2. Nf3 d6 3. Bb5+ Bd7 4. Bxd7+ Qxd7 5. O-O Nc6 6. c3 Nf6 7. Qe2 g6 8. d4 cxd4 9. cxd4 Bg7 10. Nc3 O-O 11.
Rd1 a6 12. e5 Ne8 13. h3 dxe5 14. dxe5 Qe6 15. Bf4 Nc7 16. Bg3 Rfd8 17. Re1 Nd5 18. Ne4 Qf5 19. Nh4 Qc8 20. Nf3 Qf5 21. Rac1 Nf4 22. Bxf4 Qxf4 23. Nc5 Qb4 24. a3 Qb6 25.
b4 e6 26. Qe4 Rac8 27. h4 a5 28. Rb1 axb4 29. axb4 Qb5 30. h5 Rd5 31. Qf4 Rcd8 32. hxg6 hxg6 33. Ng5 Rf8 34. Qh4 Rfd8 35. Qh7+ Kf8 36.
Ncxe6+ fxe6 37. Nxe6+ Ke7 38. Nxg7 Rxe5 39. Qxg6 Rxe1+ 40. Rxe1+ Kf8 41. Ne6+ Ke7 42. Nd4+ 1-0

[Event "Early-Titled-Tuesday-Blitz-October-10-2023"]
[Site "Chess.com"]
[Date "2023.10.10"]
[Round "2"]
[White "DrVelja"]
[Black "masnyszachistaaa"]
[Result "1-0"]
[WhiteElo "2844"]
[BlackElo "2582"]
[TimeControl "180+1"]
[EndTime "8:17:41 PDT"]
[Termination "DrVelja won by checkmate"]

1. e4 c6 2. d4 d5 3. Nd2 dxe4 4. Nxe4 Nd7 5. c3 Ngf6 6. Nxf6+ Nxf6 7. Nf3 Bg4 8. h3 Bh5 9. g4 Bg6 10. Ne5 Nd7 11. Nxg6 hxg6 12. Bg2 e6 13. O-O Bd6 14. Qd3 Qc7 15. b4 Bh2+ 16. Kh1 Bf4 17. b5 Rc8 18. bxc6 bxc6 19. Rb1 Nf6 20. Bxf4 Qxf4 21. Qe3 Qc7 22. Qf3 O-O 23. Rfe1 Nd5 24. Re5 Rb8 25. Rb3 a5 26. c4 Nb4 27. h4 Nc2 28. Qc3 Nb4 29. a3 Na6 30. Rxb8 Rxb8 31. Qxa5 Rb1+ 32. Kh2 Qa7 33.
Qd8+ Kh7 34. Be4 f6 35. Rh5# 1-0

[Event "Early-Titled-Tuesday-Blitz-October-10-2023"]
[Site "Chess.com"]
[Date "2023.10.10"]
[Round "2"]
[White "ellatambien"]
[Black "eljanov"]
[Result "0-1"]
[WhiteElo "2605"]
[BlackElo "2909"]
[TimeControl "180+1"]
[EndTime "8:17:42 PDT"]
[Termination "eljanov won by checkmate"]

1. c4 Nf6 2. Nc3 e5 3. Nf3 Nc6 4.
e4 Bb4 5. d3 d6 6. Be2 Bc5 7. O-O O-O 8. Nd2 a5 9. Nb3 Bb6 10. Kh1 a4 11. Nd2 a3 12. bxa3 Bd4 13. Bb2 h6 14. Nb3 Bxc3 15. Bxc3 Rxa3 16. f4 b6 17. Qe1 Nd7 18. Qg3 f6 19. f5 Nc5 20.
Bd2 Kh8 21. Bxh6 gxh6 22. Qg6 Qe7 23. Qxh6+ Kg8 24. Rf3 Rf7 25. Rh3 Rh7 26. Qg6+ Kh8 27. Rxh7+ Qxh7 28. Qe8+ Qg8 29. Qxc6 Nxb3 30. Rg1 Nd4 31.
Qxc7 Nxe2 32. Re1 Rxa2 33. Qxd6 Qg7 34. Qd8+ Kh7 35. Qxc8 Nf4 36. g3 Qg4 37. Rf1 Qf3+ 38. Rxf3 Ra1+ 39. Rf1 Rxf1# 0-1

[Event "Early-Titled-Tuesday-Blitz-October-10-2023"]
[Site "Chess.com"]
[Date "2023.10.10"]
[Round "2"]
[White "Itk04"]
[Black "cande_francisco"]
[Result "1-0"]
[WhiteElo "2757"]
[BlackElo "2541"]
[TimeControl "180+1"]
[EndTime "8:17:44 PDT"]
[Termination "Itk04 won by resignation"]

1. d4 Nf6 2. c4 c5 3. d5 e6 4. g3 exd5 5. cxd5 d6 6. Bg2 g6 7.
Nc3 Bg7 8. Nf3 O-O 9. O-O Re8 10.
Re1 Bf5 11. Nd2 Qd7 12. Nc4 Ne4 13. Nxe4 Bxe4 14. f3 Bf5 15. g4 b5 16. Nd2 Bd4+ 17.
Kh1 Bxg4 18. fxg4 Qxg4 19. Nf3 Bg7 20. Qd2 Na6 21. Qc2 Nb4 22. Qd1 Qc4 23. Nd2 Qc2 24.
a3 Qxd1 25. Rxd1 Nc2 26. Rb1 Rxe2 27. Ne4 Ne3 28. Bxe3 Rxe3 29. Nxd6 a6 30. Nb7 Bd4 31. d6 Kf8 32. b4 Rb8 33. bxc5 1-0

[Event "Early-Titled-Tuesday-Blitz-October-10-2023"]
[Site "Chess.com"]
[Date "2023.10.10"]
[Round "2"]
[White "TatjanaVasilevich"]
[Black "GalaxyRoman"]
[Result "1-0"]
[WhiteElo "2575"]
[BlackElo "2794"]
[TimeControl "180+1"]
[EndTime "8:17:45 PDT"]
[Termination "TatjanaVasilevich won by checkmate"]

1. Nf3 Nf6 2. b3 d5 3. Bb2 c5 4. e3 Nc6 5. Bb5 Bd7 6. Bxc6 Bxc6 7. O-O e6 8. d3 Bd6 9. Nbd2 O-O 10. c4 Qe7 11. d4 Rfd8 12. Qe2 Rac8 13. Rac1 cxd4 14. Nxd4 Ba3 15. Rc2 Bxb2 16. Rxb2 e5 17. Nxc6 bxc6 18. Rc2 Qe6 19. Rfc1 d4 20. exd4 exd4 21. Qd3 c5 22.
Nf3 Qe4 23. Rd1 h6 24. h3 a5 25. Qd2 Re8 26. Re1 Qf5 27. Rcc1 Ne4 28. Qxa5 Nc3 29.
Nxd4 Rxe1+ 30. Rxe1 Qd3 31. Nf3 Qc2 32. Qa6 Rf8 33.
Qa3 Nxa2 34. Qxc5 Qxb3 35. Qc7 Qb4 36. c5 Qb8 37. Qxb8 Rxb8 38. c6 Rc8 39. Nd4 Nb4 40.
Rc1 Kf8 41. Rc4 Nd5 42. Nb5 Nb6 43. Rc1 Nd5 44. Rc5 Nb6 45. c7 Na8 46. Re5 f6 47.
Re3 h5 48. Nd6 Rxc7 49. Re8# 1-0

[Event "Early-Titled-Tuesday-Blitz-October-10-2023"]
[Site "Chess.com"]
[Date "2023.10.10"]
[Round "2"]
[White "DonCiao"]
[Black "ChainedDowntohell"]
[Result "0-1"]
[WhiteElo "2052"]
[BlackElo "2430"]
[TimeControl "180+1"]
[EndTime "8:17:45 PDT"]
[Termination "ChainedDowntohell won by checkmate"]

1. c4 e5 2. g3 h5 3. h3 Bc5 4. Bg2 h4 5. g4 d6 6. e3 Nc6 7. Ne2 Bb6 8. Nbc3 f5 9. gxf5 Bxf5 10. d4 exd4 11. exd4 Nf6 12. Be3 Qe7 13. a3 O-O-O 14.
Qa4 Nxd4 15. Nxd4 Bxd4 16. Qb3 c6 17. Ne2 Bxe3 18. fxe3 Rhe8 19. O-O Be4 20. Nf4 g5 21. Bxe4 Qxe4 22. Ng2 Nh5 23. Rf7 Re7 24. Raf1 Ng3 25.
Rxe7 Qxe7 26. Rf3 Qe6 27. Kh2 Re8 28. Qd3 Qe5 29. Kg1 Qxb2 30. Kh2 Qa1 31. Rxg3 Qe5 32. e4 g4 33. hxg4 hxg3+ 34. Kg1 Qa1+ 35. Qf1 Qd4+ 36.
Kh1 Rh8+ 37. Nh4 Rxh4+ 38. Kg2 Qxe4+ 39. Kxg3 Qxg4+ 40. Kf2 Rh2+ 41. Ke1 Qe4+ 42. Kd1 Qb1# 0-1

[Event "Early-Titled-Tuesday-Blitz-October-10-2023"]
[Site "Chess.com"]
[Date "2023.10.10"]
[Round "2"]
[White "tarno17"]
[Black "Tsyhanchuk_Stanislav"]
[Result "0-1"]
[WhiteElo "2149"]
[BlackElo "2459"]
[TimeControl "180+1"]
[EndTime "8:17:46 PDT"]
[Termination "Tsyhanchuk_Stanislav won by resignation"]

1. e4 c5 2. Nf3 d6 3. Bb5+ Nd7 4. O-O a6 5. Bxd7+ Bxd7 6. Re1 e6 7. d4 cxd4 8. Nxd4 Ne7 9. c4 Nc6 10. Nc3 Be7 11.
b3 Bf6 12. Nxc6 Bxc6 13. Bb2 O-O 14. Qe2 b5 15. Rad1 b4 16. Nb1 Bxb2 17. Qxb2 Qc7 18.
Nd2 a5 19. Nf3 Rfd8 20. Nd4 Be8 21. Qe2 Qc5 22. Qg4 Bd7 23. Re3 g6 24. Rf3 f5 25.
Qg5 Qe5 26. Rg3 fxe4 27. Qxe5 dxe5 28. Ne2 Bc6 29. Rxd8+ Rxd8 30. h3 Rd2 31. Re3 Rxa2 32. Ng3 Rb2 33. Nxe4 Bxe4 34. Rxe4 Rxb3 35. Rxe5 a4 36.
Rxe6 a3 37. Ra6 Rb2 38. Kh2 a2 39. f3 b3 40. c5 Rb1 41. c6 a1=Q 42. Rxa1 Rxa1 43.
c7 Rc1 0-1

[Event "Early-Titled-Tuesday-Blitz-October-10-2023"]
[Site "Chess.com"]
[Date "2023.10.10"]
[Round "2"]
[White "deribas12345"]
[Black "Rsnr"]
[Result "1-0"]
[WhiteElo "2604"]
[BlackElo "2839"]
[TimeControl "180+1"]
[EndTime "8:17:47 PDT"]
[Termination "deribas12345 won by checkmate"]

1. d4 Nf6 2. c4 e6 3. Nc3 Bb4 4.
a3 Bxc3+ 5. bxc3 c5 6. f3 Nc6 7.
e4 d6 8. Ra2 Qa5 9. Bd2 e5 10.
d5 Ne7 11. Bd3 Bd7 12. Ne2 Ng6 13. g4 O-O-O 14. Qc1 h5 15. g5 Ne8 16. Ng3 Nc7 17. h4 Rde8 18. Kf2 Qa4 19. Rb2 f6 20. Nf5 Bxf5 21. exf5 Nf4 22. Bxf4 exf4 23. Qxf4 Re5 24. gxf6 gxf6 25. Rg1 Nxd5 26. Qd2 Ne3 27. Bc2 Qd7 28. Be4 Nxc4 29. Bxb7+ Qxb7 30. Rxb7 Nxd2 31. Rxa7 Rhe8 32. Rgg7 Re2+ 33. Kg3 Nc4 34. Ra8# 1-0

[Event "Early-Titled-Tuesday-Blitz-October-10-2023"]
[Site "Chess.com"]
[Date "2023.10.10"]
[Round "2"]
[White "SlavenPastar"]
[Black "ozates"]
[Result "1-0"]
[WhiteElo "2564"]
[BlackElo "2759"]
[TimeControl "180+1"]
[EndTime "8:17:48 PDT"]
[Termination "SlavenPastar won by resignation"]

1. b3 c5 2. Bb2 Nc6 3. Nf3 d6 4. e3 e5 5. c4 g6 6. d3 Bg7 7. a3 Nge7 8. Qc2 O-O 9. Be2 h6 10. Nbd2 f5 11. O-O g5 12. Bc3 g4 13. Ne1 h5 14. b4 Ng6 15. b5 Nce7 16. d4 exd4 17. exd4 cxd4 18. Bb2 Nf4 19. Nb3 h4 20. Bxd4 h3 21. Bxg7 Kxg7 22. g3 Nfg6 23. Nd3 b6 24. Nd4 Kh7 25. Rfe1 Qc7 26. Rac1 Ne5 27. Bf1 N7g6 28.
f4 Nxd3 29. Bxd3 Qc5 30. Qf2 Bb7 31. Ne6 Qxa3 32. Qd4 Rf7 33. Ng5+ Kg8 34. Nxf7 Kxf7 35. Bxf5 Qc5 36. Qxc5 dxc5 37. Rcd1 Ne7 38. Rd7 1-0